 Dungeon Crawl Stone Soup version 0.22-a0-48-g8770677 (webtiles) character file.

13256 gmonis the Bludgeoner (level 11, -3/99 HPs)
             Began as a Minotaur Berserker on Jan 7, 2018.
             Was the Champion of Trog.
             Slain by an ice devil (12 damage)
             ... on level 12 of the Dungeon.
             The game lasted 00:26:06 (11970 turns).

gmonis the Bludgeoner (Minotaur Berserker)         Turns: 11970, Time: 00:26:07

Health: -3/99      AC: 21    Str: 28    XL:     11   Next: 73%
Magic:  3/3        EV: 19    Int:  4    God:    Trog [******]
Gold:   752        SH:  0    Dex: 14    Spells: 10/10 levels left

rFire    . . .     SeeInvis .   K - +4 great mace (antimagic)
rCold    . . .     Gourm    +   (shield currently unavailable)
rNeg     . . .     Faith    .   E - +0 plate armour
rPois    .         Spirit   .   (helmet restricted)
rElec    +         Reflect  .   (no cloak)
rCorr    .         Harm     .   (no gloves)
MR       .....                  A - +0 pair of boots
Stlth    ..........             D - amulet "Egeajock" {Gourm *Drain rElec Str+2}
HPRegen  0.26/turn              k - +5 ring of protection
MPRegen  0.08/turn              x - +4 ring of evasion

@: agile, about to teleport, berserk cooldown, slowed, very slow
A: retaliatory headbutt, horns 2
a: Berserk, Trog's Hand, Brothers in Arms, Burn Spellbooks, Renounce Religion


You were on level 12 of the Dungeon.
You worshipped Trog.
Trog was exalted by your worship.
You were full.

You visited 2 branches of the dungeon, and saw 13 of its levels.

You collected 752 gold pieces.

Inventory:

Hand Weapons
 a - a +0 mace
 n - a +2 dire flail of venom
 K - a +4 antimagic great mace (weapon)
 P - a +2 flail of protection
Missiles
 i - 289 stones (quivered)
Armour
 b - a +0 animal skin
 l - a +0 ring mail
 o - a +0 chain mail
 A - a +0 pair of boots (worn)
 E - a +0 plate armour (worn)
Jewellery
 k - a +5 ring of protection (left hand)
 p - an uncursed ring of resist corrosion
 x - a +4 ring of evasion (right hand)
 B - an uncursed amulet of inaccuracy
 D - the amulet "Egeajock" (around neck) {Gourm *Drain rElec Str+2}
   (You found it on level 6 of the Dungeon)

   [amulet of the gourmand]

   It allows you to eat raw meat even when not hungry.
   It affects your strength (+2).
   It insulates you from electricity.
   It causes draining when unequipped.
 Q - an uncursed ring of teleportation
 R - a +3 ring of evasion
Wands
 s - a wand of random effects (31)
 y - a wand of polymorph (28)
 G - a wand of flame (39)
 M - a wand of iceblast (19)
Scrolls
 d - 13 scrolls of teleportation
 e - 3 scrolls of enchant weapon {unknown}
 g - 3 scrolls of enchant armour {unknown}
 h - 9 scrolls of identify
 j - 6 scrolls of remove curse
 m - 5 scrolls of magic mapping
 q - 9 scrolls of amnesia {unknown}
 r - 3 scrolls of fog {unknown}
 t - 3 scrolls of blinking {unknown}
 w - 3 scrolls of immolation {unknown}
 C - a scroll of random uselessness {unknown}
 F - a scroll of fear {unknown}
Potions
 f - 2 potions of haste
 u - a potion of mutation {unknown}
 v - a potion of heal wounds {unknown}
 z - a potion of berserk rage {unknown}
 H - a potion of agility
 I - a potion of degeneration {unknown}
 J - 2 potions of curing
 L - a potion of lignification {unknown}
Books
 O - a book of Transfigurations

   Spells                             Type                      Level
   a - Irradiate                      Conjuration/Transmutation    5
   b - Statue Form                    Transmutation/Earth          6
   c - Hydra Form                     Transmutation                6
   d - Dragon Form                    Transmutation                7
   Trog disapproves of the use of such an item.
Miscellaneous
 N - a lamp of fire
Comestibles
 c - 20 rations


   Skills:
 - Level 10.0 Fighting
 + Level 16.4 Maces & Flails
 - Level 10.9 Armour
 - Level 4.3 Dodging
 - Level 0.1 Stealth


You had 10 spell levels left.
You didn't know any spells.

Dungeon Overview and Level Annotations

Branches:
Dungeon (12/15)            Temple (1/1) D:6            Lair (0/6) D:9
    Orc (0/2) D:11

Altars:
Ashenzari
Cheibriados
Dithmenos
Elyvilon
Fedhas
Gozag
Hepliaklqana
Kikubaaqudgha
Makhleb
Nemelex Xobeh
Okawaru
Qazlal
Ru
Sif Muna
Trog
Uskayaw
Vehumet
Wu Jian
Xom
Yredelemnul
Zin
The Shining One

Shops:
D:7 [   D:10 (


Innate Abilities, Weirdness & Mutations

You reflexively headbutt those who attack you in melee.
You have a pair of horns on your head.


Message History

An ice devil comes into view.
It was a potion of agility.
You feel agile all of a sudden. The ice devil barely misses you.
Okay, then.
A red film seems to cover your vision as you go berserk!
You feel yourself moving faster!
You feel mighty!
The ice devil hits you but does no damage.
You feel a strong urge to attack something.
You feel your anger nearly subside.
You are no longer berserk.
You are exhausted.
You feel yourself slow down.
As you read the scroll of teleportation, it crumbles to dust.
You feel strangely unstable.
The ice devil hits you but does no damage.
The ice devil hits you.
* * * LOW HITPOINT WARNING * * *
The ice devil freezes you!
You die...

...............
..........^....
.............)#
.............(#
..............# #########
..........(.))####.......#
..............(....###4#+#
......)..........44# ...
......<....(....@.(# #4##
#####..############ .#
######..###### ..
............... ..
............... ..
##...########## ##...#
.....###########
..............).


You could see 2 ice devils.

Vanquished Creatures
  2 two-headed ogres
  The ghost of KristoblXynda the Slasher, a novice DrSk of Cheibriados (D:8)
  An unseen horror (D:6)
  A cyclops (D:12)
  A slime creature (D:11)
  2 hippogriffs
  2 wyverns
  15 yaks
  Eustachio (D:4)
  Grum (D:11)
  2 hungry ghosts
  Menkaure (D:5)
  Edmund (D:6)
  2 porcupines (D:9)
  A water moccasin (D:7)
  An ice beast (D:8)
  3 phantoms
  5 orc warriors
  A hornet zombie (D:6)
  4 sky beasts
  An ogre (D:4)
  2 black bears
  A necrophage (D:11)
  9 centaurs
  2 wolves (D:11)
  2 big kobolds
  A gnoll sergeant (D:7)
  6 bullfrogs
  6 scorpions
  8 killer bees
  3 wights (D:11)
  7 howler monkeys
  A bullfrog zombie (D:9)
  5 crimson imps
  3 quasits
  6 orc priests
  6 hounds
  2 centaur zombies
  A gnoll shaman (D:7)
  8 jellies
  3 iguanas
  Ijyb (D:4)
  11 orc wizards
  9 worker ants
  A hound zombie (D:10)
  4 hound skeletons
  A worker ant zombie (D:8)
  Robin (D:2)
  13 gnolls
  A howler monkey skeleton (D:6)
  16 adders
  7 shadow imps
  5 oozes (D:11)
  3 adder skeletons
  2 worms (D:2)
  3 dart slugs
  11 leopard geckos
  31 orcs
  4 bats
  7 giant cockroaches
  21 goblins
  14 hobgoblins
  6 jackals
  5 quokkas
  4 frilled lizards
  11 kobolds
  4 rats
327 creatures vanquished.

Vanquished Creatures (others)
  4 fungi (D:9)
  A plant (D:10)
5 creatures vanquished.

Grand Total: 332 creatures vanquished

Notes
Turn   | Place    | Note
-------+----------+-------------------------------------------
     0 | D:1      | gmonis the Minotaur Berserker began the quest for the Orb.
     0 | D:1      | Reached XP level 1. HP: 19/19 MP: 0/0
   318 | D:1      | Reached XP level 2. HP: 27/27 MP: 1/1
   373 | D:1      | Reached skill level 4 in Maces & Flails
   807 | D:2      | Reached XP level 3. HP: 23/33 MP: 2/2
  1278 | D:2      | Reached skill level 5 in Maces & Flails
  1762 | D:2      | Reached XP level 4. HP: 33/40 MP: 3/3
  1791 | D:2      | Reached ** piety under Trog
  1804 | D:2      | Reached skill level 6 in Maces & Flails
  1813 | D:2      | Noticed Robin
  1823 | D:2      | Killed Robin
  2052 | D:2      | Found a shadowy altar of Dithmenos.
  2650 | D:2      | Reached XP level 5. HP: 41/46 MP: 4/4
  2965 | D:3      | Found a glowing golden altar of the Shining One.
  3017 | D:3      | Found an iron altar of Okawaru.
  3079 | D:3      | Reached skill level 7 in Maces & Flails
  3166 | D:3      | Found a stormy altar of Qazlal.
  3184 | D:3      | Reached *** piety under Trog
  3798 | D:4      | Noticed Ijyb
  3806 | D:4      | Killed Ijyb
  3806 | D:4      | Reached skill level 8 in Maces & Flails
  3806 | D:4      | Reached XP level 6. HP: 52/52 MP: 5/5
  3821 | D:4      | Noticed Eustachio
  3838 | D:4      | Killed Eustachio
  3838 | D:4      | Reached skill level 9 in Maces & Flails
  3838 | D:4      | Reached XP level 7. HP: 58/58 MP: 6/6
  4114 | D:4      | Reached skill level 10 in Maces & Flails
  4147 | D:4      | Found a radiant altar of Vehumet.
  4316 | D:5      | Entered Level 5 of the Dungeon
  4450 | D:4      | Found a shadowy altar of Dithmenos.
  4739 | D:5      | Reached **** piety under Trog
  4802 | D:5      | Reached skill level 11 in Maces & Flails
  4989 | D:5      | Noticed Menkaure
  5000 | D:5      | Reached XP level 8. HP: 66/66 MP: 7/7
  5004 | D:5      | Killed Menkaure
  5281 | D:6      | Found an opulent altar of Gozag.
  5301 | D:6      | Found a white marble altar of Elyvilon.
  5332 | D:6      | Reached skill level 12 in Maces & Flails
  5459 | D:6      | Got a brightly glowing jade amulet
  5516 | D:6      | You fall through a shaft for 2 floors!
  5516 | D:8      | Noticed a two-headed ogre
  5547 | D:8      | Killed a two-headed ogre
  5547 | D:8      | Reached skill level 13 in Maces & Flails
  5547 | D:8      | Reached XP level 9. HP: 71/71 MP: 8/8
  5573 | D:8      | Found a sparkling altar of Nemelex Xobeh.
  5613 | D:8      | Found a shattered altar of Ashenzari.
  5622 | D:8      | Reached skill level 14 in Maces & Flails
  5856 | D:7      | Found Waurph's Antique Armour Emporium.
  6122 | D:7      | Reached skill level 5 in Fighting
  6122 | D:7      | Reached skill level 5 in Armour
  6225 | D:7      | Found a blossoming altar of Fedhas.
  6454 | D:7      | Identified the amulet "Egeajock" {Gourm *Drain rElec Str+2} (You found it on level 6 of the Dungeon)
  6486 | D:7      | Reached ***** piety under Trog
  6850 | D:6      | Noticed Edmund
  6868 | D:6      | Killed Edmund
  7181 | D:6      | Found a staircase to the Ecumenical Temple.
  7187 | Temple   | Entered the Ecumenical Temple
  7422 | D:6      | Killed an unseen horror
  7422 | D:6      | Reached XP level 10. HP: 59/84 MP: 9/9
  7844 | D:7      | Found an ornate altar of the Wu Jian Council.
  8298 | D:8      | Noticed KristoblXynda's ghost (novice DrSk)
  8323 | D:8      | Killed KristoblXynda's ghost
  9073 | D:9      | Reached skill level 10 in Armour
  9691 | D:9      | Found a shattered altar of Ashenzari.
  9692 | D:9      | Found a hide-covered altar of Uskayaw.
  9737 | D:9      | Reached XP level 11. HP: 80/99 MP: 10/10
  9742 | D:9      | Reached skill level 10 in Fighting
  9964 | D:9      | Found a deep blue altar of Sif Muna.
  9999 | D:9      | Found a staircase to the Lair.
 10343 | D:10     | Entered Level 10 of the Dungeon
 10374 | D:10     | Received a gift from Trog
 10731 | D:10     | Found Sihum's Antique Weapon Emporium.
 11096 | D:11     | Found a staircase to the Orcish Mines.
 11108 | D:11     | Noticed Grum
 11111 | D:11     | Reached ****** piety under Trog
 11128 | D:11     | Killed Grum
 11128 | D:11     | Reached skill level 15 in Maces & Flails
 11477 | D:11     | Noticed a two-headed ogre
 11486 | D:11     | Killed a two-headed ogre
 11504 | D:11     | Reached skill level 16 in Maces & Flails
 11970 | D:12     | Slain by an ice devil

Vault maps used:
D:1:      minmay_arrival_five_plusses, supply_closet_lemuel, minmay_hedge_maze,
          solitary_fountain
D:2:      cheibrodos_greedy_goblins, overflow_temple_1_default, first_ration,
          minmay_misc_feat_iff, minmay_pentomino_w2, uniq_robin
D:3:      overflow_temple_1_default, tso_metal_star, old_standard_altar
D:4:      lemuel_upstairs_altar, lemuel_doored_altar, uniq_ijyb, uniq_eustachio
D:5:      uniq_menkaure
D:6:      grunt_gozag_statues, overflow_temple_1_default, temple_green,
          uniq_edmund
D:7:      fedhas_altar_3, kennysheep_little_box, serial_shops,
          nicolae_shop_temple_entry_statues_fountains
D:8:      nemelex_xobeh_ov_fountains_minmay, cheibrodos_ashenzari_chains
D:9:      nicolae_whirlpool, marbit_many_paths, gammafunk_temple_overflow_wave,
          grunt_lair_entry_orc_guard_hut
D:10:     serial_shops, nicolae_shop_overgrown_old_shop
D:11:     orc_0_dummy, minivault_26, hangedman_little_slice_of_home, uniq_grum
D:12:     portal_ice_cave_demonic_guard
Temple:   grunt_temple_mini_profane

Skill      XL: |  1  2  3  4  5  6  7  8  9 10 11 |
---------------+----------------------------------+-----
Maces & Flails | 4 5 6 8 9 11 13 14 16 | 16.4
Fighting       | 6 9 10 | 10.0
Armour         | 7 10 | 10.9
Dodging        | 3 4 |  4.3
Stealth        | |  0.1

Action                   |  1- 3 |  4- 6 |  7- 9 | 10-12 || total
-------------------------+-------+-------+-------+-------++-------
Melee: Mace              |    77 |   145 |   353 |       ||   575
       Headbutt          |     1 |    13 |    65 |    61 ||   140
       Dire flail        |       |       |    19 |   192 ||   211
       Great mace        |       |       |       |   177 ||   177
Throw: Stone             |       |       |       |     2 ||     2
Invok: Berserk           |       |     2 |     6 |     4 ||    12
       Trog's Hand       |       |       |     1 |       ||     1
       Burn Spellbooks   |       |       |       |     1 ||     1
  Use: Scroll            |       |       |     3 |     2 ||     5
       Potion            |       |       |     3 |     1 ||     4
  Eat: Chunk             |     3 |     7 |    21 |    26 ||    57
Armor: Animal skin       |    18 |     7 |       |       ||    25
       Chain mail        |       |    40 |    95 |       ||   135
       Plate armour      |       |       |    50 |   205 ||   255
Dodge: Dodged            |    67 |    83 |   184 |   213 ||   547

Table legend:
 A = Spawn XP
 B = Non-spawn XP
 C = Spawn XP percentage of total XP
 D = Spawn monster count
 E = Non-spawn monster count
 F = Spawn count percentage of total count
 G = Total turns spent on level
                    A         B        C        D         E        F      G
               +---------+---------+-------+---------+---------+-------+---------
         Total |       0 |   18938 |   0.0 |       0 |     327 |   0.0 | 11970
               +---------+---------+-------+---------+---------+-------+---------
           D:1 |       0 |      15 |   0.0 |       0 |       9 |   0.0 |   687
           D:2 |       0 |     195 |   0.0 |       0 |      55 |   0.0 |  2181
           D:3 |       0 |     116 |   0.0 |       0 |      21 |   0.0 |   930
           D:4 |       0 |     647 |   0.0 |       0 |      18 |   0.0 |   533
           D:5 |       0 |     667 |   0.0 |       0 |      25 |   0.0 |   946
           D:6 |       0 |    1552 |   0.0 |       0 |      16 |   0.0 |  1047
           D:7 |       0 |    1431 |   0.0 |       0 |      38 |   0.0 |  1219
           D:8 |       0 |    3590 |   0.0 |       0 |      23 |   0.0 |  1043
           D:9 |       0 |    3447 |   0.0 |       0 |      39 |   0.0 |  1562
          D:10 |       0 |    1557 |   0.0 |       0 |      28 |   0.0 |   680
          D:11 |       0 |    4720 |   0.0 |       0 |      48 |   0.0 |   834
          D:12 |       0 |    1001 |   0.0 |       0 |       7 |   0.0 |   113
               +---------+---------+-------+---------+---------+-------+---------
